 Dungeon Crawl Stone Soup version 0.30-a0-347-gf58ed5266c (webtiles) character file.

Game seed: 14255938646313475607

8 purpskrrrp the Ruffian (level 2, 0/26 (29) HPs)
             Began as a Troll Fighter on Nov 6, 2022.
             Slain by an orc wizard
             ... wielding a +1 dagger of draining
              (1 damage)
             ... on level 2 of the Dungeon.
             The game lasted 00:00:23 (178 turns).

purpskrrrp the Ruffian (Troll Fighter)               Turns: 178, Time: 00:00:24

HP:   0/26 (29)     AC:  4    Str: 23    XL:     2   Next: 0%
MP:   1/1           EV:  8    Int:  4    God:
Gold: 21            SH:  7    Dex:  9    Spells: 1/1 levels left

rFire   . . .      SeeInvis .      - Unarmed
rCold   . . .      Faith    .    b - +0 kite shield
rNeg    . . .      Spirit   .    a - +0 robe
rPois   .          Reflect  .    (helmet restricted)
rElec   .          Harm     .    (no cloak)
rCorr   .          Rampage  .    (gloves unavailable)
Will    .....                    (boots unavailable)
Stlth   +.........               (no amulet)
HPRegen 1.04/turn                (no ring)
MPRegen 0.07/turn                (no ring)

@: heavily drained
A: large, unfitting armour, claws 3, regeneration 1, shaggy fur 1, tough skin 1
a: no special abilities


You were on level 2 of the Dungeon.
You visited 1 branch of the dungeon, and saw 2 of its levels.

You collected 21 gold pieces.

Inventory:

Armour
 a - a +0 robe (worn)
 b - a +0 kite shield (worn)
Scrolls
 f - a scroll of vulnerability {unknown}
Potions
 c - a potion of might
 d - a potion of brilliance {unknown}
 e - a potion of lignification {unknown}


   Skills:
 - Level 2.4 Fighting
 - Level 2.4 Dodging
 - Level 2.6 Shields
 + Level 2.7 Unarmed Combat


You had one spell level left.
You didn't know any spells.
Your spell library was empty.

Dungeon Overview and Level Annotations

Branches:
Dungeon (1/15)

Altars:


Innate Abilities, Weirdness & Mutations

You are too large for most types of armour.
You have claws for hands.
Your natural rate of healing is unusually fast.
You are covered in fur. (AC +1)
You have tough skin. (AC +1)


Message History

You claw the orc wizard!
The orc wizard is heavily wounded.
The orc wizard hits you with a +0 dagger.
The orc wizard points at you and mumbles some strange words.
The magic dart hits you! The orc hits you but does no damage.
You block the ball python's attack.
The orc wizard hits you with a +1 dagger of draining.
You feel drained.
The orc wizard hits you with a +0 dagger.
The orc hits you with a +0 whip.
* * * LOW HITPOINT WARNING * * *
You are too injured to fight recklessly!
You are too injured to fight recklessly!
You are too injured to fight recklessly!
You are too injured to fight recklessly!
You are too injured to fight recklessly!
You are too injured to fight recklessly!
You are too injured to fight recklessly!
You are too injured to fight recklessly!
You are too injured to fight recklessly!
You are too injured to fight recklessly!
You are too injured to fight recklessly!
You are too injured to fight recklessly!
You are too injured to fight recklessly!
You are too injured to fight recklessly!
You are too injured to fight recklessly!
You are too injured to fight recklessly!
You are too injured to fight recklessly!
You are too injured to fight recklessly!
You are too injured to fight recklessly!
The orc attacks as you move away! The orc hits you with a +0 whip.
* * * LOW HITPOINT WARNING * * *
You block the ball python's attack.
The ball python attacks as you move away!
You block the ball python's attack.
The orc wizard attacks as you move away!
The orc wizard hits you with a +1 dagger of draining.
* * * LOW HITPOINT WARNING * * *
You feel drained.
You die...

### ######### ..#
#........ # ####.#
#........ #.##.##.#
#........
#.#...#.####o.......
###..........@oo......
.......#.####S.......
#.##.##.# #........
#.......# #........ ##
####.#### #........ .#
##'## ###.###.. .#
##...## .# . .#
##.....## .. .#
##.......##


You could see 2 orc wizards, an orc and a ball python.

Vanquished Creatures
  3 bats (D:1)
  An endoplasm (D:2)
  A goblin (D:1)
  A hobgoblin (D:1)
  A quokka (D:2)
7 creatures vanquished.

Notes
Turn   | Place    | Note
-------+----------+-------------------------------------------
     0 | D:1      | purpskrrrp the Troll Fighter began the quest for the Orb.
     0 | D:1      | Reached XP level 1. HP: 22/22 MP: 0/0
   115 | D:1      | You fall into a shaft and drop 1 floor!
   155 | D:2      | Reached XP level 2. HP: 29/29 MP: 1/1
   178 | D:2      | HP: 1/27 [orc wizard/+1 dagger of draining (4)]
   178 | D:2      | Slain by an orc wizard

Illustrated notes

Levels and vault maps discovered:
D:1:      dpeg_arrival_concentric_ovals, layout_basic, serial_shops,
          nicolae_shop_bloodbath_and_beyond, minmay_box_of_dots
D:2:      layout_loops_corners, serial_rivers, chequers_serial_rivers_large_b,
          chequers_serial_rivers_room_b, chequers_serial_rivers_small_a,
          chequers_serial_rivers_micro_e

Action                   || total
-------------------------++-------
Melee: Unarmed           ||    19
Armor: Robe              ||     4
Dodge: Dodged            ||     1
Block: Kite shield       ||    11

Table legend: (Time is in decaauts)
 A = Elapsed time spent in this place.
 B = Non-inter-level travel time spent in this place.
 C = Inter-level travel time spent in this place.
 D = Time resting spent in this place.
 E = Time spent auto-exploring this place.
 F = Levels seen in this place.
 G = Mean time per level.
                   A        B        C        D        E       F      G
               +--------+--------+--------+--------+--------+-----+--------+
         Total |    179 |    179 |      0 |      0 |    126 |   2 |   89.5 |
       Dungeon |    179 |    179 |      0 |      0 |    126 |   2 |   89.5 |
               +--------+--------+--------+--------+--------+-----+--------+

Top non-repeatable levels by time:
     D:1: 116 daAuts
     D:2: 63 daAuts
